 Dungeon Crawl Stone Soup version 0.31-a0-538-gbc85326fa9 (webtiles) character file.

Game seed: 5547479405524239485

5175 bmack86 the Severer (level 10, -10/62 (77) HPs)
             Began as a Minotaur Fighter on Aug 13, 2023.
             Was an Initiate of Gozag.
             Killed by divine providence
             ... invoked by Jeremiah
              (12 damage)
             ... on level 7 of the Dungeon.
             The game lasted 00:22:34 (6064 turns).

bmack86 the Severer (Minotaur Fighter)              Turns: 6064, Time: 00:22:35

HP:   -10/62 (77)   AC: 11    Str: 26    XL:     10   Next: 34%
MP:   0/9           EV:  6    Int:  5    God:    Gozag
Gold: 2105          SH:  6    Dex: 23    Spells: 9/9 levels left

rFire   . . .        p - +8 broad axe "Oditsuqa" {freeze, rPois rC- rCorr Dex+8}
rCold   x . .        c - +0 buckler
rNeg    . . .        D - +0 plate armour
rPois   +            (helmet restricted)
rElec   .            (no cloak)
rCorr   +            (no gloves)
SInv    .            (no boots)
Will    .....        s - amulet of guardian spirit Stlth
                     o - +6 ring of dexterity
HPRegen 0.30/turn    (no ring)
MPRegen 0.11/turn

%: guardian spirit
@: mighty, weak-willed, heavily drained
A: horns 2, retaliatory headbutt
a: Renounce Religion, Potion Petition, Call Merchant, Bribe Branch


You were on level 7 of the Dungeon.
You worshipped Gozag.
Gozag was most pleased with you.
You visited 2 branches of the dungeon, and saw 8 of its levels.
You also visited: Bailey.

You collected 2445 gold pieces.
You spent 144 gold pieces at shops.
You paid 196 gold pieces to Gozag.

Inventory:

Hand Weapons
 p - the +8 broad axe "Oditsuqa" (weapon) {freeze, rPois rC- rCorr Dex+8}
   (You bought it in a shop on level 1 of the Dungeon)

   Dex+8:     It affects your dexterity (+8).
   rC-:       It makes you vulnerable to cold.
   rPois:     It protects you from poison rCorr: It protects you from acid and
   corrosion.
 y - a +4 war axe
 A - a +1 broad axe
Missiles
 j - 4 boomerangs (quivered)
 t - 4 curare-tipped darts
 u - 3 throwing nets
 v - 2 javelins
Armour
 b - a +0 scale mail
 c - a +0 buckler (worn)
 x - a +1 chain mail
 B - a +4 scale mail
 D - a +0 plate armour (worn)
Jewellery
 o - a +6 ring of dexterity (left hand)
 s - an amulet of guardian spirit (around neck)
Wands
 l - a wand of paralysis (12)
 q - a wand of acid (1)
Scrolls
 f - 2 scrolls of amnesia
 g - 3 scrolls of enchant armour
 h - 3 scrolls of fog
 m - 4 scrolls of teleportation
Potions
 d - a potion of might
 e - a potion of brilliance
 i - 6 potions of mutation
 k - 3 potions of cancellation
 n - a potion of curing
 r - a potion of attraction
 w - 2 potions of magic
 z - a potion of heal wounds
 C - a potion of resistance {unknown}


   Skills:
 - Level 3.6 Fighting
 + Level 17.6 Axes
 - Level 3.6 Armour
 - Level 5.0 Shields


You had 9 spell levels left.
You didn't know any spells.
Your spell library contained the following spells:

 Spells                   Type           Power      Damage    Failure   Level
 Necrotise                Necr           0%         1d4       100%        1
 Inner Flame              Hex/Fire       0%         N/A       100%        3
 Vampiric Draining        Necr           0%         2d6       100%        3
 Agony                    Necr           0%         N/A       100%        5
 Yara's Violent Unravell  Hex/Tmut       0%         3d3       100%        5
 Enfeeble                 Hex            0%         N/A       100%        7


Dungeon Overview and Level Annotations

Branches:
Dungeon (7/15)             Temple (1/1) D:5          Bailey (visited)

Altars:
Ashenzari
Cheibriados
Dithmenos
Elyvilon
Fedhas
Gozag
Hepliaklqana
Kikubaaqudgha
Makhleb
Nemelex Xobeh
Trog
Wu Jian
Xom
Yredelemnul
Zin
The Shining One

Shops:
D:1 (

Annotations:
D:7 Jeremiah


Innate Abilities, Weirdness & Mutations

You have a pair of horns on your head.
You reflexively headbutt those who attack you in melee.


Message History

Jeremiah is severely wounded.
You miss the butterfly. You slash the butterfly! You freeze the butterfly.
You kill the butterfly!
The butterfly disappears in a burst of colours!
You closely miss the butterfly. You slice the butterfly!!
You freeze the butterfly.
You kill the butterfly!
The butterfly disappears in a burst of colours!
You slash the butterfly! You freeze the butterfly.
You kill the butterfly!
The butterfly disappears in a burst of colours!
The butterfly is no longer distracted by gold.
The butterfly is distracted by your dazzling golden aura.
You slash Jeremiah! You freeze Jeremiah.
Jeremiah is almost dead.
You slash the butterfly! You freeze the butterfly.
You kill the butterfly!
The butterfly disappears in a burst of colours!
You slice the butterfly!! You freeze the butterfly.
You kill the butterfly!
The butterfly disappears in a burst of colours!
You closely miss the butterfly. You block Jeremiah's attack.
You closely miss Jeremiah.
Jeremiah is almost dead.
You slash the butterfly! You freeze the butterfly.
You kill the butterfly!
The butterfly disappears in a burst of colours!
You slash the butterfly! You freeze the butterfly.
You kill the butterfly!
The butterfly disappears in a burst of colours!
You slash the butterfly! You freeze the butterfly.
You kill the butterfly!
The butterfly disappears in a burst of colours!
You slash the butterfly! You freeze the butterfly.
You kill the butterfly!
The butterfly disappears in a burst of colours!
Jeremiah mumbles a slurred invocation.
Something smites you!
You die...
Your body crumbles into a pile of gold.

..........#.#######.#.##
#.##.#...##.# ##.##
.##.##.###.# #.#
#...........# #.#
####.##.##### ######.##
#.##+## #.......#
####.#...## #.####..#
........bF## #.####..#
##...$@b.## #.#.##..#
#.........###.......#
+....$..b.'............
#.........###.....#.###
##.......## #....#..#
##..b..## #.......#
##...## ##.###### ##+##
#.# #.#


You could see Jeremiah (weak-willed).

Vanquished Creatures
  An orc warlord (Bailey)
  The ghost of Brisketman the Grappler, a novice DrSh (D:6)
  6 yaks (D:5)
  A steam dragon (D:6)
  A hornet zombie (D:6)
  13 orc warriors (Bailey)
  A black bear (D:6)
  An ogre (D:6)
  A bullfrog (D:5)
  3 necrophages (D:6)
  A scorpion (D:6)
  A water moccasin zombie (D:6)
  3 wights
  An electric eel (D:6)
  2 howler monkeys
  A bullfrog zombie (D:6)
  6 hounds
  3 jellies
  A gnoll bouda (D:6)
  A human zombie (D:6)
  2 iguanas (D:5)
  2 killer bee zombies (D:6)
  3 mummies (D:6)
  13 gnolls
  14 adders
  2 ufetubi
  4 worms
  2 dart slugs
  24 orcs
  4 endoplasms
  11 giant cockroaches
  21 goblins
  20 hobgoblins
  2 jackals (D:2)
  8 kobolds
  4 quokkas
  5 ball pythons
  3 bats
  3 frilled lizards (D:1)
  3 kobold zombies (D:6)
  An orc zombie (D:6)
  8 rats
208 creatures vanquished.

Notes
Turn   | Place    | Note
-------+----------+-------------------------------------------
     0 | D:1      | bmack86 the Minotaur Fighter began the quest for the Orb.
     0 | D:1      | Reached XP level 1. HP: 19/19 MP: 0/0
   254 | D:1      | Reached XP level 2. HP: 26/26 MP: 1/1
   407 | D:1      | Found Tarof's Antique Weapon Shoppe.
   438 | D:1      | Reached skill level 3 in Axes
   735 | D:2      | Reached XP level 3. HP: 26/31 MP: 2/2
   802 | D:2      | Reached skill level 5 in Shields
   886 | D:2      | Reached skill level 4 in Axes
   901 | D:2      | Reached XP level 4. HP: 39/39 MP: 3/3
  1404 | D:3      | Found a blossoming altar of Fedhas.
  1406 | D:3      | Found a snail-covered altar of Cheibriados.
  1406 | D:3      | Found a glowing silver altar of Zin.
  1409 | D:3      | Found a shadowy altar of Dithmenos.
  1600 | D:1      | Bought an iridescent broad axe for 144 gold pieces
  1600 | D:1      | Identified the +8 broad axe "Oditsuqa" {freeze, rPois rC-
                  | rCorr Dex+8} (You bought it in a shop on level 1 of the
                  | Dungeon)
  1687 | D:3      | Reached skill level 5 in Axes
  1770 | D:3      | Found a faded altar of an unknown god.
  1775 | D:3      | Found a bloodstained altar of Trog.
  2086 | D:4      | Reached XP level 5. HP: 45/45 MP: 4/4
  2196 | D:4      | Reached skill level 6 in Axes
  2248 | D:4      | Found a burning altar of Makhleb.
  2248 | D:4      | Noticed a green death
  2739 | D:5      | Entered Level 5 of the Dungeon
  2795 | D:5      | Reached skill level 7 in Axes
  2795 | D:5      | Reached XP level 6. HP: 51/51 MP: 5/5
  2830 | D:5      | Found a staircase to the Ecumenical Temple.
  2842 | Temple   | Entered the Ecumenical Temple
  2846 | Temple   | Became a worshipper of Gozag Ym Sagoz the Greedy
  3166 | D:5      | Reached skill level 8 in Axes
  3328 | D:6      | Noticed Brisketman's ghost (novice DrSh)
  3328 | D:6      | Noticed a yak
  3328 | D:6      | Noticed a yak
  3328 | D:6      | Noticed a yak
  3328 | D:6      | Noticed a yak
  3328 | D:6      | Noticed a yak
  3328 | D:6      | Noticed a yak
  3328 | D:6      | Found a runed translucent door.
  3336 | D:5      | Killed a yak
  3337 | D:5      | Reached XP level 7. HP: 42/57 MP: 6/6
  3390 | D:5      | Killed a yak
  3391 | D:5      | Reached skill level 9 in Axes
  3396 | D:5      | Killed a yak
  3397 | D:5      | Reached skill level 10 in Axes
  3522 | D:5      | Killed a yak
  3523 | D:5      | Reached skill level 11 in Axes
  3523 | D:5      | Reached XP level 8. HP: 8/64 MP: 1/7
  3527 | D:5      | Reached skill level 12 in Axes
  3680 | D:6      | Killed Brisketman's ghost
  3681 | D:6      | Reached skill level 13 in Axes
  3811 | D:6      | Reached XP level 9. HP: 63/70 MP: 5/8
  3917 | D:6      | Identified the +4 leather armour of Xioggar {Dex+4}
  3934 | D:6      | Reached skill level 14 in Axes
  4106 | D:6      | Found a sparkling altar of Nemelex Xobeh.
  4589 | D:6      | Found a basalt altar of Yredelemnul.
  4617 | D:6      | Reached skill level 15 in Axes
  5102 | D:7      | Found a flagged portal.
  5112 | Bailey   | Entered a bailey
  5330 | Bailey   | Reached skill level 16 in Axes
  5521 | Bailey   | Reached XP level 10. HP: 73/77 MP: 9/9
  5578 | Bailey   | Noticed an orc warlord
  5591 | Bailey   | Killed an orc warlord
  5592 | Bailey   | Reached skill level 17 in Axes
  5645 | Bailey   | Identified the staff of the Nexus {rElec Str+2 Int-4 Dex+3
                  | Conj}
  5657 | Bailey   | Acquired 823 gold pieces
  6038 | D:7      | Noticed Jeremiah
  6060 | D:7      | HP: 1/62 [Jeremiah/+4 glaive of draining (6)]
  6064 | D:7      | Killed from afar by Jeremiah

Illustrated notes

Levels and vault maps discovered:
D:1:      tarquinn_simple_flora_water_d, layout_basic, serial_shops, shop
D:2:      layout_loops_ring, minmay_worlds_worst_comb
D:3:      layout_rooms, grunt_temple_overflow_open,
          nicolae_overflow_ecumenical_swirl
D:4:      minmay_polygon_palace, layout_basic, makhleb_altar_promises_db,
          minmay_misc_feat_columns
D:5:      layout_rooms, minmay_temple_entry_statues_pillars, bh_walls_and_bars
D:6:      layout_cave_pools, nemelex_dance_club_becter,
          lemuel_mausoleum_altar_yredelemnul, hellmonk_ghost_happy_afterlife,
          chequers_big_river, minmay_mini_ossuary
D:7:      wander_river, layout_loops_corners, kennysheep_little_box, minitemple,
          ebering_ghost_xom, enter_bailey_2, hex_tiny, uniq_maggie,
          uniq_jeremiah
Temple:   nicolae_temple_bog_church

Skill      XL: |  1  2  3  4  5  6  7  8  9 10 |
---------------+-------------------------------+-----
Shields        | 4 5 |  5.0
Axes           | 3 4 5 7 8 11 13 16 17 | 17.6
Fighting       | |  3.6
Armour         | |  3.6

Action                     |  1- 3 |  4- 6 |  7- 9 | 10-12 || total
---------------------------+-------+-------+-------+-------++-------
  Melee: War axe           |    92 |    39 |       |       ||   131
         Headbutt          |     9 |    18 |    21 |     4 ||    52
         Broad axe         |       |    65 |   141 |    39 ||   245
  Throw: Boomerang         |       |     2 |     2 |       ||     4
    Use: Scroll            |       |     6 |     9 |     3 ||    18
         Potion            |       |       |     1 |     7 ||     8
   Stab: Distracted        |       |     1 |     4 |     2 ||     7
 Armour: Scale mail        |    58 |    36 |     6 |     1 ||   101
         Chain mail        |       |     5 |    35 |       ||    40
         Plate armour      |       |       |       |    10 ||    10
  Dodge: Dodged            |    56 |    47 |    47 |     4 ||   154
  Block: Buckler           |    22 |    21 |    43 |     8 ||    94

Table legend: (Time is in decaauts)
 A = Elapsed time spent in this place.
 B = Non-inter-level travel time spent in this place.
 C = Inter-level travel time spent in this place.
 D = Time resting spent in this place.
 E = Time spent auto-exploring this place.
 F = Levels seen in this place.
 G = Mean time per level.
                   A        B        C        D        E       F      G
               +--------+--------+--------+--------+--------+-----+--------+
         Total |   6131 |   5849 |    282 |    597 |   3188 |   9 |  681.2 |
       Dungeon |   5555 |   5279 |    276 |    461 |   3137 |   7 |  793.6 |
        Temple |      8 |      2 |      6 |      0 |      0 |   1 |    8.0 |
        Bailey |    567 |    567 |      0 |    136 |     51 |   1 |  567.0 |
               +--------+--------+--------+--------+--------+-----+--------+

Top non-repeatable levels by time:
     D:6: 1431 daAuts
     D:5: 911 daAuts
     D:4: 789 daAuts
     D:1: 780 daAuts
     D:2: 739 daAuts
  Bailey: 567 daAuts
     D:3: 488 daAuts
     D:7: 414 daAuts
  Temple: 8 daAuts
